 Dungeon Crawl Stone Soup version 0.28.0-62-gf88900778d (webtiles) character file.

Game seed: 4221181790839229767

496 cbfl8 the Chopper (level 7, -6/43 HPs)
             Began as a Gargoyle Berserker on May 13, 2023.
             Was a Priest of Trog.
             Mangled by an ogre
             ... wielding a +0 giant spiked club
              (22 damage)
             ... on level 4 of the Dungeon.
             The game lasted 00:03:18 (4197 turns).

cbfl8 the Chopper (Gargoyle Berserker)              Turns: 4197, Time: 00:03:19

Health: -6/43      AC: 11    Str: 20    XL:     7   Next: 15%
Magic:  7/7        EV: 14    Int:  8    God:    Trog [***...]
Gold:   140        SH:  0    Dex: 11    Spells: 6/6 levels left

rFire   . . .      SeeInvis .   a - +0 hand axe
rCold   . . .      Faith    .   (no shield)
rNeg    + . .      Spirit   .   q - +0 scale mail
rPois   ∞          Reflect  .   (no helmet)
rElec   +          Harm     .   (no cloak)
rCorr   .          Rampage  .   (no gloves)
Will    .....                   (no boots)
Stlth   +.........              (no amulet)
HPRegen 0.14/turn               c - +4 ring of evasion
MPRegen 0.10/turn               (no ring)

@: no status effects
A: sickness immunity, AC +4, negative energy resistance 1, electricity
resistance, torment resistance 1, petrification resistance
a: Renounce Religion, Berserk, Trog's Hand


You were on level 4 of the Dungeon.
You worshipped Trog.
Trog was most pleased with you.
You visited 1 branch of the dungeon, and saw 4 of its levels.
You also visited: Sewer.

You collected 140 gold pieces.

Inventory:

Hand Weapons
 a - a +0 hand axe (weapon)
Armour
 q - a +0 scale mail (worn)
Jewellery
 c - a +4 ring of evasion (left hand)
Wands
 o - a wand of iceblast (3)
Scrolls
 b - 2 scrolls of teleportation
 d - a scroll of identify {unknown}
 e - a scroll of immolation {unknown}
 f - 2 scrolls of fog {unknown}
 l - a scroll of fear {unknown}
 n - a scroll of summoning {unknown}
 p - 2 scrolls of enchant weapon {unknown}
Potions
 g - 2 potions of mutation {unknown}
 h - 2 potions of magic {unknown}
 i - a potion of haste {unknown}
 j - a potion of invisibility {unknown}
 k - 2 potions of might {unknown}
 m - a potion of curing {unknown}


   Skills:
 + Level 4.1 Fighting
 * Level 5.3 Axes
 + Level 3.5 Armour
 + Level 2.2 Dodging
 * Level 2.4 Stealth
 * Level 1.8 Evocations


You had 6 spell levels left.
You didn't know any spells.
Your spell library was empty.

Dungeon Overview and Level Annotations

Branches:
Dungeon (4/15)              Sewer (visited)
 Temple: D:4-7

Altars:
Elyvilon
Fedhas
Xom
The Shining One


Innate Abilities, Weirdness & Mutations

You are immune to sickness and miasma.
Your stone body is resilient. (AC +4)
You are immune to poison.
You resist negative energy. (rN+)
You are resistant to electric shocks. (rElec)
You are resistant to unholy torment.
You are immune to petrification.


Message History

The jelly is severely wounded.
The jelly hits you but does no damage. The jelly barely misses you.
A jelly is nearby!
You hit the jelly.
Your hands burn!
The jelly is severely wounded.
The jelly hits you but does no damage.
A jelly is nearby!
You hit the jelly.
You kill the jelly!
Trog accepts your kill.
An ogre comes into view. It is wielding a +0 giant spiked club.
An ogre is nearby!
An ogre is nearby!
The ogre hits you with a +0 giant spiked club!!
An ogre is nearby!
You hit the ogre. You punch the ogre.
The ogre is lightly wounded.
The ogre hits you with a +0 giant spiked club!
You are too injured to fight recklessly!
You hit the ogre.
The ogre is moderately wounded.
You barely miss the ogre.
The ogre is moderately wounded.
The ogre completely misses you.
You hit the ogre.
The ogre is heavily wounded.
The ogre closely misses you.
You barely miss the ogre.
The ogre is heavily wounded.
The ogre barely misses you.
You hit the ogre.
The ogre is heavily wounded.
The ogre closely misses you.
You hit the ogre.
The ogre is severely wounded.
You hit the ogre.
The ogre is almost dead.
The ogre hits you with a +0 giant spiked club!!
Ouch! That really hurt!
You die...

#...# #...# ....#
....####. .#.#
......... ....
.......... ..#..#
#.#.####.## #(#..# #
.......... #.##.#.#
#.######.# #.##O#.#
..######.####.##@#.#
...............#...#
..##.....####..#...#
..##.....####..#...#
..#######........#.#
..### #.###..###...
.... ...# #..# .##.#
..# ###.# #..# .. #
..# #.# #... .


You could see an ogre.

Vanquished Creatures
  A water moccasin (Sewer)
  A black bear (D:4)
  A hound (D:4)
  A jelly (D:4)
  An iguana (D:2)
  Terence (D:3)
  A killer bee zombie (D:4)
  4 gnolls (D:2)
  3 adders
  2 worms
  3 dart slugs
  An orc (D:3)
  9 ball pythons
  7 endoplasms
  3 giant cockroaches
  7 goblins
  7 hobgoblins
  11 jackals
  6 kobolds
  2 quokkas
  10 bats
  5 frilled lizards
  10 rats
97 creatures vanquished.

Notes
Turn   | Place    | Note
-------+----------+-------------------------------------------
     0 | D:1      | cbfl8 the Gargoyle Berserker began the quest for the Orb.
     0 | D:1      | Reached XP level 1. HP: 14/14 MP: 1/1
    26 | D:1      | Reached XP level 2. HP: 13/19 MP: 2/2
   139 | D:1      | Reached skill level 3 in Axes
   306 | D:1      | Found a faded altar of an unknown god.
   687 | D:1      | Reached XP level 3. HP: 24/24 MP: 3/3
  1245 | D:2      | Reached ** piety under Trog
  1293 | D:2      | Reached XP level 4. HP: 22/29 MP: 4/4
  1457 | D:2      | Reached skill level 1 in Stealth
  1787 | D:2      | Reached skill level 4 in Axes
  1951 | D:2      | Reached XP level 5. HP: 32/33 MP: 5/5
  2520 | D:3      | Reached *** piety under Trog
  2525 | D:3      | Reached skill level 1 in Evocations
  2570 | D:3      | Found a blossoming altar of Fedhas.
  2653 | D:3      | Found a glowing drain.
  2662 | Sewer    | Entered a sewer
  2852 | Sewer    | Noticed a water moccasin
  2870 | Sewer    | Killed a water moccasin
  2871 | Sewer    | Reached XP level 6. HP: 38/38 MP: 6/6
  3492 | D:3      | Found a faded altar of an unknown god.
  3492 | D:3      | Found a shimmering altar of Xom.
  3492 | D:3      | Noticed Terence
  3506 | D:3      | Killed Terence
  3735 | D:3      | Found a white marble altar of Elyvilon.
  3738 | D:3      | Found a faded altar of an unknown god.
  3740 | D:3      | Found a glowing golden altar of the Shining One.
  3846 | D:4      | Reached skill level 5 in Axes
  3925 | D:4      | Noticed a black bear
  3934 | D:4      | Killed a black bear
  3935 | D:4      | Reached XP level 7. HP: 43/43 MP: 7/7
  4197 | D:4      | Mangled by an ogre

Illustrated notes

Levels and vault maps discovered:
D:1:      giann_forest_graveyard, layout_loops_ring, basic_ecumenical_altar
D:2:      layout_rooms, dk_noncrumbling_2, minmay_door_square
D:3:      layout_loops_ring, mainiacjoe_overflow_cross_hatched,
          chequers_temple_overflow_minitemple, portal_sewer_entry_d,
          uniq_terence
D:4:      layout_basic, minmay_ogre_servants

Skill      XL: |  1  2  3  4  5  6 |
---------------+-------------------+-----
Axes           | 3 4 5 |  5.3
Stealth        | 1 2 |  2.4
Evocations     | 1 |  1.8
Dodging        | 2 |  2.2
Fighting       | 4 |  4.1
Armour         | 3 |  3.5

Action                   |  1- 3 |  4- 6 |  7- 9 || total
-------------------------+-------+-------+-------++-------
Melee: Hand axe          |   105 |   222 |    33 ||   360
       Punch             |     1 |     3 |     1 ||     5
Invok: Berserk           |       |     3 |       ||     3
  Use: Scroll            |       |     1 |       ||     1
Armor: Animal skin       |     4 |       |       ||     4
       Ring mail         |    30 |    49 |       ||    79
       Scale mail        |       |    14 |     9 ||    23
Dodge: Dodged            |    86 |   203 |    26 ||   315
